 Dungeon Crawl Stone Soup version 0.25-a0-1133-g93ebf739aa (webtiles) character file.

Game seed: 10597912523202402402, levelgen mode: deterministic

114912 Gwenloh the Severer (level 16, -10/155 HPs)
             Began as a Hill Orc Berserker on May 21, 2020.
             Was a High Priest of Trog.
             Killed by divine providence
             ... invoked by a meliai
              (15 damage)
             ... on level 1 of the Spider Nest on May 22, 2020.
             The game lasted 02:28:05 (34042 turns).

Gwenloh the Severer (Hill Orc Berserker)           Turns: 34042, Time: 02:28:06

Health: -10/155    AC: 29    Str: 27    XL:     16   Next: 67%
Magic:  23/23      EV: 29    Int:  7    God:    Trog [*****.]
Gold:   1932       SH:  0    Dex: 15    Spells: 15/15 levels left

rFire    . . .     SeeInvis +   a - +6 battleaxe (flame)
rCold    . . .     Gourm    .   (shield currently unavailable)
rNeg     . . .     Faith    .   I - +4 chain mail {rF+}
rPois    .         Spirit   .   q - +2 helmet
rElec    +         Reflect  .   E - +2 cloak
rCorr    .         Harm     .   T - +1 pair of gloves
MR       +++..                  G - +2 pair of boots
Stlth    ..........             s - amulet of the acrobat
HPRegen  1.35/turn              z - ring of ice
MPRegen  0.18/turn              L - ring of Fixation {+Fly rElec rC- Str+5 SInv}

@: acrobat, very slightly contaminated, regenerating
A: no striking features
a: Berserk, Trog's Hand, Brothers in Arms, Renounce Religion, Evoke Flight


You were on level 1 of the Spider Nest.
You worshipped Trog.
Trog was extremely pleased with you.
You were not hungry.

You visited 4 branches of the dungeon, and saw 25 of its levels.
You also visited: Bailey and Volcano.

You collected 2424 gold pieces.
You spent 492 gold pieces at shops.

Inventory:

Hand Weapons
 a - a +6 battleaxe of flaming (weapon)
 b - a +3 longbow of flaming
 A - a +0 hand crossbow
Missiles
 n - 558 arrows
 r - 601 bolts
 u - 5 javelins (quivered)
 B - 23 boomerangs
 C - 6 throwing nets
 J - 12 curare-tipped darts
 P - 49 poisoned darts
Armour
 m - a scarf of resistance
 q - a +2 helmet (worn)
 E - a +2 cloak (worn)
 G - a +2 pair of boots (worn)
 I - a +4 chain mail of fire resistance (worn)
 M - +0 fire dragon scales
 N - a +2 buckler
 T - a +1 pair of gloves (worn)
Jewellery
 o - an uncursed ring of positive energy
 s - an amulet of the acrobat (around neck)
 z - a ring of ice (left hand)
 H - an uncursed amulet of guardian spirit
 L - the ring of Fixation (right hand) {+Fly rElec rC- Str+5 SInv}
   (You found it on level 8 of the Dungeon)

   [ring of flight]

   It affects your strength (+5).
   It makes you vulnerable to cold.
   It insulates you from electricity.
   It lets you see invisible.
   It lets you fly.
Wands
 t - a wand of acid (12)
 F - a wand of flame (29)
 R - a wand of digging (4)
 S - a wand of paralysis (8)
 Z - a wand of polymorph (19)
Scrolls
 d - a scroll of enchant armour
 e - 10 scrolls of teleportation
 h - 14 scrolls of remove curse
 i - 6 scrolls of magic mapping
 k - a scroll of holy word
 w - 6 scrolls of blinking
 x - 5 scrolls of fog
 y - a scroll of immolation {unknown}
 Y - 2 scrolls of summoning
Potions
 f - 8 potions of heal wounds
 g - a potion of cancellation
 j - 3 potions of haste
 l - 5 potions of flight
 p - a potion of resistance
 D - a potion of invisibility
 K - 4 potions of stabbing
 O - a potion of mutation
 Q - 9 potions of curing
 V - a potion of berserk rage {unknown}
 X - 2 potions of might
Comestibles
 c - 21 rations


   Skills:
 * Level 17.5 Fighting
 * Level 18.9 Axes
 + Level 7.1 Bows
 + Level 11.9 Armour
 + Level 9.4 Dodging
 - Level 3.8 Shields
 + Level 10.5 Evocations


You had 15 spell levels left.
You didn't know any spells.
Your spell library was empty.

Dungeon Overview and Level Annotations

Branches:
Dungeon (15/15)            Temple (0/1) D:6            Lair (6/6) D:10
 Shoals (0/4) Lair:2       Spider (2/4) Lair:2        Slime (0/5) Lair:5
    Orc (2/2) D:10            Elf (0/3) Orc:2        Vaults (0/5) D:14
 Depths (0/5) D:15         Bailey (visited)         Volcano (visited)

Altars:
Cheibriados
Dithmenos
Fedhas
Hepliaklqana
Kikubaaqudgha
Makhleb
Nemelex Xobeh
Ru
Uskayaw
Wu Jian
Yredelemnul
Zin

Shops:
Orc:1 *![[   Orc:2 :?[(

Portals:
Trove: D:10 (give 2 scrolls of acquirement)

Annotations:
Lair:5 exclusion: 2 oklob plants
Lair:6 exclusion: orange crystal statue


Message History

The meliai barely misses you. The meliai hits you with a +0 war axe.
* * * LOW HITPOINT WARNING * * *
The meliai barely misses you.
The redback bites you but does no damage.
The redback barely misses you.
The redback bites you but does no damage. x2
The meliai barely misses you.
The meliai stings you but does no damage.
The redback barely misses you. The meliai closely misses you.
The meliai barely misses you.
Blink to where?
Press: ? - help, Dir - move target cursor You are very lightly contaminated with residual magic.
As you read the scroll of blinking, it crumbles to dust.
The meliai calls down the wrath of its god upon you.
Something smites you!
* * * LOW HITPOINT WARNING * * *
The meliai invokes the aid of its god against you.
Something smites you!
You die...

.......###...#.......### #.....#
......###...##.......#.####..[.#.
.....##....##.........###.#.##.#.
#....#......#...#.......#..#.###.
....####.......<##^###.#...### ##
.......#.........###.###.....# #
.....y.#^y.#######.##......#^#
.....s§#^.s.........##.#..####
#.#.......s.y...@..#####..#
###.......ss.........##########
.#............##..#.##...#.#..#
...............#.######.......#
........^......##.#...##.....##
................###.........##
..........^......#.........##
...............###...##)...#
###......####.........#...^###


You could see a demonic crawler, 3 redbacks and 2 meliai.

Vanquished Creatures
  Jorgrun (D:12)
  Kirke (Spider:1)
  Aizul (Spider:1)
  An ironheart preserver (D:14)
  A stone giant (Orc:2)
  Nessos (D:13)
  Azrael (D:14)
  A fire dragon (Volcano)
  Josephine (D:13)
  A yaktaur captain (D:15)
  Erolcha (D:11)
  Harold (Lair:1)
  9 centaur warriors
  8 hydras
  5 two-headed ogres
  3 tengu warriors
  Nergalle (D:10)
  An unseen horror (D:14)
  5 orc knights
  3 orc sorcerers
  9 wolf spiders
  3 orb spiders (Spider:1)
  21 ugly things
  3 salamanders (Volcano)
  3 manticores
  2 deep elf magi
  2 cyclopes (D:14)
  4 gargoyles
  4 elephants (Lair:5)
  4 black mambas
  A spiny frog (shapeshifter) (D:14)
  9 spiny frogs
  4 demonic crawlers (Spider:1)
  A freezing wraith (D:12)
  7 komodo dragons
  A yaktaur (D:15)
  6 rime drakes
  4 polar bears
  10 trolls
  A meliai (Spider:1)
  9 hornets
  5 blink frogs (Lair:1)
  A dream sheep (Lair:5)
  A meliai zombie (D:15)
  16 hippogriffs
  10 redbacks
  A spriggan (shapeshifter) (D:13)
  A centaur simulacrum (D:14)
  13 spriggans
  3 hogs (Spider:1)
  8 basilisks
  A shadow (D:15)
  13 fire bats
  5 tarantellas (Spider:1)
  A vampire (D:15)
  11 wyverns
  4 fire elementals (D:14)
  42 yaks
  7 wraiths
  A water elemental (D:11)
  2 hungry ghosts
  2 steam dragons (Volcano)
  3 vampire mosquitoes (D:14)
  6 wargs
  An acid dragon (D:14)
  4 hell hounds
  14 water moccasins
  18 porcupines
  7 black bears
  5 ice beasts
  36 orc warriors
  6 necrophages
  7 sky beasts
  14 ogres
  7 phantoms
  5 boggarts (Lair:6)
  39 wolves
  9 centaurs
  16 crocodiles
  8 big kobolds
  14 bullfrogs
  A wyvern skeleton (D:11)
  3 scorpions
  3 troll zombies (D:10)
  4 killer bees (D:12)
  18 wights
  2 electric eels
  2 howler monkeys (D:11)
  12 crimson imps
  3 bullfrog zombies
  A quasit (D:11)
  14 orc priests
  8 centaur zombies
  5 hounds
  6 centaur skeletons
  A gnoll shaman (Orc:2)
  4 jellies
  A bullfrog skeleton (D:8)
  14 orc wizards
  Terence (D:3)
  7 iguanas
  11 worker ants
  A killer bee zombie (D:7)
  5 ogre zombies (D:10)
  5 hound zombies
  A hound skeleton (D:7)
  A mummy (D:7)
  Robin (D:3)
  12 gnolls
  12 adders
  6 shadow imps
  3 oozes
  An adder skeleton (D:7)
  A dart slug (D:2)
  A leopard gecko (D:1)
  79 orcs
  7 giant cockroaches
  12 goblins
  11 hobgoblins
  4 quokkas
  A ball python (D:1)
  8 bats
  3 frilled lizards
  4 goblin zombies (D:10)
  3 hobgoblin zombies (D:10)
  46 kobolds
  2 orc skeletons (D:10)
  16 orc zombies (D:10)
  A quokka skeleton (D:6)
  A quokka zombie (D:5)
  7 rats
  4 fungi
  8 plants
910 creatures vanquished.

Vanquished Creatures (collateral kills)
  A rime drake (Lair:6)
  A hippogriff (Lair:6)
  2 redbacks (Spider:2)
4 creatures vanquished.

Vanquished Creatures (others)
  An orc priest (Orc:1)
  7 fungi (Lair:6)
  4 plants
12 creatures vanquished.

Grand Total: 926 creatures vanquished

Notes
Turn   | Place    | Note
-------+----------+-------------------------------------------
     0 | D:1      | Gwenloh the Hill Orc Berserker began the quest for the Orb.
     0 | D:1      | Reached XP level 1. HP: 19/19 MP: 1/1
    66 | D:1      | Reached XP level 2. HP: 17/27 MP: 2/2
   359 | D:1      | Reached XP level 3. HP: 26/33 MP: 3/3
   802 | D:2      | Reached ** piety under Trog
  1159 | D:2      | Reached skill level 5 in Axes
  1184 | D:2      | Reached XP level 4. HP: 40/40 MP: 4/4
  1267 | D:2      | Found a sparkling altar of Nemelex Xobeh.
  1557 | D:2      | Noticed a phantom
  1631 | D:2      | Killed a phantom
  1631 | D:2      | Reached XP level 5. HP: 21/47 MP: 5/5
  2215 | D:3      | Reached skill level 5 in Fighting
  2567 | D:3      | Noticed Robin
  2582 | D:3      | Killed Robin
  2582 | D:3      | Reached skill level 6 in Axes
  2582 | D:3      | Reached XP level 6. HP: 56/56 MP: 6/6
  2892 | D:3      | Noticed Terence
  2901 | D:3      | Killed Terence
  3605 | D:4      | Reached XP level 7. HP: 62/62 MP: 7/7
  3718 | D:4      | Reached skill level 7 in Axes
  4086 | D:5      | Entered Level 5 of the Dungeon
  4393 | D:5      | Reached skill level 1 in Evocations
  4433 | D:5      | Reached XP level 8. HP: 44/71 MP: 7/9
  4893 | D:5      | Reached skill level 8 in Axes
  5108 | D:6      | Found a staircase to the Ecumenical Temple.
  5450 | D:6      | Reached skill level 5 in Armour
  5778 | D:6      | Reached *** piety under Trog
  6014 | D:7      | Found an ancient bone altar of Kikubaaqudgha.
  6030 | D:7      | Reached skill level 9 in Axes
  6074 | D:7      | Reached XP level 9. HP: 74/80 MP: 9/11
  6479 | D:7      | Noticed a troll
  6492 | D:7      | Killed a troll
  7119 | D:7      | Reached skill level 10 in Axes
  7396 | D:7      | Reached **** piety under Trog
  7513 | D:7      | Reached XP level 10. HP: 88/89 MP: 13/13
  7813 | D:8      | Reached skill level 10 in Fighting
  7820 | D:8      | Reached skill level 11 in Axes
  7973 | D:8      | Got a fine glass ring
  7992 | D:8      | Found a sacrificial altar of Ru.
  7994 | D:8      | Identified the ring of Fixation {+Fly rElec rC- Str+5 SInv}
                  | (You found it on level 8 of the Dungeon)
  7995 | D:8      | Found a burning altar of Makhleb.
  7996 | D:8      | Found a glowing silver altar of Zin.
  8004 | D:8      | Found a hazy altar of Hepliaklqana.
  8004 | D:8      | Found a snail-covered altar of Cheibriados.
  8005 | D:8      | Found an ornate altar of the Wu Jian Council.
  8012 | D:8      | Found a basalt altar of Yredelemnul.
  8248 | D:8      | Reached skill level 5 in Dodging
  8511 | D:8      | Found a blossoming altar of Fedhas.
  8609 | D:9      | Paralysed by a hornet for 1 turns
  8616 | D:9      | Paralysed by a hornet for 2 turns
  8633 | D:9      | HP: 4/92 [poisoned by a hornet]
  9026 | D:9      | Reached skill level 5 in Evocations
  9212 | D:9      | Noticed a two-headed ogre
  9229 | D:9      | Killed a two-headed ogre
  9878 | D:9      | Reached skill level 12 in Axes
  9885 | D:9      | Reached XP level 11. HP: 90/100 MP: 15/15
 10225 | D:10     | Entered Level 10 of the Dungeon
 10225 | D:10     | Found a flagged portal.
 10233 | Bailey   | Entered a bailey
 10532 | D:10     | Noticed Nergalle
 10555 | D:10     | Killed Nergalle
 10863 | D:10     | Found a staircase to the Lair.
 10977 | D:10     | Found a staircase to the Orcish Mines.
 11132 | D:10     | Reached ***** piety under Trog
 11414 | D:10     | Found a portal to a secret trove of treasure.
 11925 | Lair:1   | Entered Level 1 of the Lair of Beasts
 12225 | Lair:1   | Reached skill level 1 in Shields
 12260 | Lair:1   | Reached skill level 13 in Axes
 12850 | Lair:1   | Noticed Harold
 12863 | Lair:1   | Killed Harold
 12969 | Lair:1   | Reached XP level 12. HP: 111/111 MP: 16/16
 13269 | Lair:2   | Found a hole to the Spider Nest.
 13415 | Lair:2   | You fall into a shaft and drop 2 floors!
 13415 | Lair:4   | Noticed a six-headed hydra
 13423 | Lair:4   | Killed a six-headed hydra
 14203 | Lair:2   | Found a staircase to the Shoals.
 14613 | Lair:3   | Reached skill level 14 in Axes
 15049 | Lair:3   | Received a gift from Trog
 15778 | Lair:4   | Noticed a four-headed hydra
 15791 | Lair:4   | Killed a four-headed hydra
 15791 | Lair:4   | Reached skill level 1 in Bows
 15910 | Lair:4   | Noticed an eight-headed hydra
 15914 | Lair:4   | Killed an eight-headed hydra
 16270 | Lair:4   | Found the +8 autumn katana {vorpal, Clar}
 16389 | Lair:4   | Noticed a four-headed hydra
 16410 | Lair:4   | Killed a four-headed hydra
 16410 | Lair:4   | Reached XP level 13. HP: 74/120 MP: 18/18
 17091 | Lair:5   | Reached skill level 15 in Axes
 17102 | Lair:5   | Found a dark tunnel.
 17148 | Volcano  | Entered a volcano
 17941 | Volcano  | Noticed a fire dragon
 17968 | Volcano  | Killed a fire dragon
 19413 | Lair:5   | Found a staircase to the Slime Pits.
 19694 | Lair:6   | Entered Level 6 of the Lair of Beasts
 19783 | Lair:6   | Reached skill level 10 in Armour
 19853 | Lair:6   | Reached XP level 14. HP: 131/131 MP: 20/20
 19875 | Lair:6   | Paralysed by a hornet for 1 turns
 20036 | Lair:6   | Reached skill level 16 in Axes
 20286 | Lair:6   | Reached skill level 15 in Fighting
 20421 | Lair:6   | Received a gift from Trog
 20777 | Lair:6   | Identified the +7 war axe "Hoddiril" {venom, rF++ Dex-4}
 21768 | Orc:1    | Entered Level 1 of the Orcish Mines
 22601 | Orc:1    | Found Etzyal's General Store.
 22630 | Orc:1    | Bought a scroll of teleportation for 30 gold pieces
 22675 | Orc:1    | Found Fuecivoamn's Armour Shoppe.
 22843 | Orc:1    | Found Ciudooju's Distillery.
 22927 | Orc:1    | Found Paopnag's Antique Armour Shoppe.
 23051 | Orc:2    | Entered Level 2 of the Orcish Mines
 23061 | Orc:2    | Noticed a stone giant
 23068 | Orc:2    | Killed a stone giant
 23402 | Orc:2    | Found a staircase to the Elven Halls.
 23409 | Orc:2    | Reached ****** piety under Trog
 23778 | Orc:2    | Reached skill level 5 in Bows
 24083 | Orc:2    | Reached skill level 17 in Axes
 24226 | Orc:2    | Found Duypp's Antique Armour Shop.
 24226 | Orc:2    | Found Jyav's Magic Scroll Emporium.
 24229 | Orc:2    | Found Rothoev's Book Shoppe.
 24231 | Orc:2    | Found Quelaluo's Antique Weapon Boutique.
 24236 | Orc:2    | Bought a scroll of enchant armour for 112 gold pieces
 24236 | Orc:2    | Bought a scroll of blinking for 112 gold pieces
 24236 | Orc:2    | Bought a scroll of blinking for 112 gold pieces
 24243 | Orc:2    | Bought a hand crossbow for 126 gold pieces
 24918 | D:11     | Received a gift from Trog
 24991 | D:11     | Reached XP level 15. HP: 141/141 MP: 21/21
 25485 | D:11     | Noticed Erolcha
 25501 | D:11     | Killed Erolcha
 26107 | D:12     | Received a gift from Trog
 26227 | D:12     | Found a hide-covered altar of Uskayaw.
 26249 | D:12     | Noticed Jorgrun
 26263 | D:12     | Killed Jorgrun
 27364 | D:13     | Noticed Josephine
 27378 | D:13     | Killed Josephine
 27566 | D:13     | Received a gift from Trog
 27727 | D:13     | Noticed Nessos
 27736 | D:13     | Killed Nessos
 28263 | D:14     | Noticed Azrael
 28295 | D:14     | Killed Azrael
 28769 | D:14     | Reached skill level 18 in Axes
 29235 | D:14     | Reached skill level 10 in Evocations
 29255 | D:14     | Reached XP level 16. HP: 133/152 MP: 23/23
 29318 | D:14     | Found a gate to the Vaults.
 29421 | D:14     | Received a gift from Trog
 30104 | D:15     | Entered Level 15 of the Dungeon
 30314 | D:15     | Found a shadowy altar of Dithmenos.
 30933 | D:15     | Found a staircase to the Depths.
 31075 | D:15     | Found the +2 cloak of the Thief {+Fog Slay-2 SInv Stlth+}
 31475 | Spider:1 | Entered Level 1 of the Spider Nest
 33199 | Spider:1 | Noticed Aizul
 33221 | Spider:1 | Killed Aizul
 33757 | Spider:1 | Noticed Kirke
 33775 | Spider:1 | Killed Kirke
 34041 | Spider:1 | HP: 4/155 [meliai/divine providence (16)]
 34042 | Spider:1 | Killed from afar by a meliai

Illustrated notes

Levels and vault maps discovered:
D:1:      onia_arrival_handbag, layout_rooms
D:2:      layout_rooms, old_standard_altar
D:3:      layout_basic, first_ration, uniq_robin, uniq_terence
D:4:      layout_basic, minivault_1
D:5:      layout_rooms
D:6:      layout_basic, minmay_temple_entry_statues_pillars,
          kennysheep_generic_room_11
D:7:      layout_gridville, old_standard_altar, serial_undead, serial_undead_a,
          serial_undead_a, serial_undead_c, serial_undead_b, serial_undead_c,
          serial_undead_b, serial_undead_b
D:8:      layout_basic, grunt_temple_overflow_open, marbit_many_paths,
          fountainhead
D:9:      layout_long_grid
D:10:     layout_stronghold, minmay_lair_entry_grove, zombieorc2_lemuel,
          nicolae_trove_entry_free_sample, enter_bailey_6, the_bakery,
          uniq_nergalle
D:11:     layout_basic, chequers_decorated_corner, uniq_erolcha
D:12:     kennysheep_six_static_rooms, layout_cave_pools, serial_column_ruins,
          column_ruins_temple_hut, column_ruins_grid_1,
          column_ruins_columns_straight, column_ruins_open_tiny,
          column_ruins_columns_straight, column_ruins_corridor_straight,
          uniq_jorgrun
D:13:     layout_layer_cave, uniq_nessos, uniq_josephine
D:14:     layout_basic, skrybe_vaults_entry_preservation, nicolae_benzene_ring,
          portal_ice_cave_entry_pillars_2, minmay_misc_feat_chi, uniq_azrael
D:15:     grunt_enter_depths_snipers, layout_small_grid,
          nicolae_dithmenos_through_a_glass_darkly
Lair:1:   layout_cave_pods, uniq_harold
Lair:2:   layout_cave_pods, elwin_shoals_entry_rocks,
          spider_nest_entry_web_field, minivault_11, grunt_megastairs_4
Lair:3:   layout_gridlike
Lair:4:   layout_layer_cave
Lair:5:   layout_roguey, minmay_slime_entry_oklob_enclosed,
          nicolae_volcano_entry_batcave, patterned_corridor,
          minmay_lair_oklob_chamber, infiniplex_staircase_pool
Lair:6:   minmay_lair_end_enchanted_forest, layout_loops_ring, special_room
          [special_room_mythical_zoo], disabler_island, grunt_megastairs_2
Spider:1: layout_spider_delve, uniq_aizul, uniq_kirke
Spider:2: layout_spider_delve, nicolae_spider_cling_ruins
Orc:1:    layout_caves, serial_shops, nicolae_shop_crystal,
          nicolae_shop_statue_plus, shop, shop
Orc:2:    st_orc_rangers, layout_diamond_mine

Skill      XL: |  1  2  3  4  5  6  7  8  9 10 11 12 13 14 15 16 |
---------------+-------------------------------------------------+-----
Fighting       | 4 5 6 8 9 11 12 13 14 15 16 17 | 17.5
Dodging        | 2 3 4 5 6 7 8 9 |  9.4
Axes           | 5 6 7 9 10 12 13 14 15 17 18 | 18.9
Armour         | 3 4 5 6 7 8 9 10 11 | 11.9
Evocations     | 1 2 4 5 6 7 8 9 10 | 10.5
Shields        | 2 3 |  3.8
Bows           | 1 3 5 6 7 |  7.1

Action                   |  1- 3 |  4- 6 |  7- 9 | 10-12 | 13-15 | 16-18 || total
-------------------------+-------+-------+-------+-------+-------+-------++-------
Melee: Hand axe          |    66 |   152 |   274 |   132 |       |       ||   624
       War axe           |       |       |       |   242 |       |       ||   242
       Broad axe         |       |       |       |   182 |       |       ||   182
       Battleaxe         |       |       |       |    37 |   962 |   191 ||  1190
       Whip              |       |       |       |    29 |       |       ||    29
 Fire: Shortbow          |       |       |   102 |   217 |   337 |       ||   656
       Longbow           |       |       |       |       |    58 |    83 ||   141
Throw: Stone             |    58 |   132 |    35 |       |       |       ||   225
       Boomerang         |       |       |    38 |    39 |       |       ||    77
       Dart              |       |       |       |    66 |    74 |       ||   140
       Javelin           |       |       |       |       |     2 |    16 ||    18
Invok: Berserk           |     2 |     3 |     6 |     6 |     5 |     1 ||    23
       Trog's Hand       |       |     3 |     5 |     6 |    11 |     4 ||    29
       Brothers in Arms  |       |       |       |       |     1 |     1 ||     2
 Abil: Evoke Flight      |       |       |       |     2 |       |       ||     2
Evoke: Wand              |       |       |     6 |    10 |     1 |       ||    17
  Use: Scroll            |       |     1 |     3 |    16 |    10 |     5 ||    35
       Potion            |       |       |       |       |       |     5 ||     5
 Stab: Distracted        |       |       |       |       |     1 |       ||     1
  Eat: Chunk             |     3 |     8 |    14 |    25 |    33 |     6 ||    89
       Ration            |       |     1 |     2 |     4 |     6 |     4 ||    17
Armor: Animal skin       |     9 |       |       |       |       |       ||     9
       Leather armour    |     2 |    18 |       |       |       |       ||    20
       Scale mail        |       |     5 |    44 |   244 |    62 |       ||   355
       Chain mail        |       |       |    82 |    76 |   474 |   203 ||   835
       Fire dragon scale |       |       |       |       |    19 |       ||    19
Dodge: Dodged            |    37 |    78 |   129 |   399 |   835 |   234 ||  1712
Block: Buckler           |       |       |       |    15 |       |       ||    15

Table legend:
 A = Non-vault XP
 B = Vault XP
 C = Vault XP percentage of total XP
 D = Non-vault monster count
 E = Vault monster count
 F = Vault count percentage of total count
                 A         B        C        D         E       F
            +---------+---------+-------+---------+---------+-------
      Total |  104297 |   59863 |  36.5 |     627 |     275 |  30.5
            +---------+---------+-------+---------+---------+-------
        D:1 |      40 |      10 |  20.0 |      20 |       4 |  16.7
        D:2 |     182 |       0 |   0.0 |      17 |       0 |   0.0
        D:3 |      70 |      72 |  50.7 |      13 |      12 |  48.0
        D:4 |     405 |       0 |   0.0 |       9 |       0 |   0.0
        D:5 |     620 |       0 |   0.0 |      16 |       0 |   0.0
        D:6 |     728 |       0 |   0.0 |      19 |       0 |   0.0
        D:7 |    1987 |     739 |  27.1 |      39 |       9 |  18.8
        D:8 |    2035 |      47 |   2.3 |      25 |       1 |   3.8
        D:9 |    2700 |     189 |   6.5 |      29 |       1 |   3.3
       D:10 |    2056 |    3319 |  61.7 |      17 |      50 |  74.6
       D:11 |    8489 |    1003 |  10.6 |      66 |       1 |   1.5
       D:12 |    5643 |    3752 |  39.9 |      35 |       7 |  16.7
       D:13 |    9072 |    3006 |  24.9 |      25 |       5 |  16.7
       D:14 |   14172 |    7538 |  34.7 |      51 |      17 |  25.0
       D:15 |    9235 |    2313 |  20.0 |      22 |       3 |  12.0
     Lair:1 |    5156 |     976 |  15.9 |      25 |       1 |   3.8
     Lair:2 |    4135 |     109 |   2.6 |      16 |       1 |   5.9
     Lair:3 |    3401 |       0 |   0.0 |      23 |       0 |   0.0
     Lair:4 |    7380 |       0 |   0.0 |      21 |       0 |   0.0
     Lair:5 |    5897 |    1838 |  23.8 |      22 |       8 |  26.7
     Lair:6 |    4187 |   16220 |  79.5 |      19 |      76 |  80.0
   Spider:1 |    9690 |    4494 |  31.7 |      26 |       5 |  16.1
   Spider:2 |     214 |       0 |   0.0 |       2 |       0 |   0.0
      Orc:1 |    3989 |       0 |   0.0 |      51 |       0 |   0.0
      Orc:2 |    2814 |    4659 |  62.3 |      19 |      34 |  64.2
     Bailey |       0 |      39 | 100.0 |       0 |      13 | 100.0
    Volcano |       0 |    9540 | 100.0 |       0 |      27 | 100.0
            +---------+---------+-------+---------+---------+-------
